 Dungeon Crawl Stone Soup version 0.31-a0-1119-gf6f8548 (webtiles) character file.

Game seed: 9768567137777283281

252 PidgeyThePirate the Ruffian (level 5, -2/40 HPs)
             Began as a Demigod Shapeshifter on Dec 4, 2023.
             Slain by Crazy Yiuf
             ... wielding a +2 quarterstaff of chaos
              (12 damage)
             ... on level 2 of the Dungeon.
             The game lasted 00:05:36 (1816 turns).

PidgeyThePirate the Ruffian (Demigod Shapeshifter)  Turns: 1816, Time: 00:05:37

Health: -2/40      AC:  3    Str: 19    XL:     5   Next: 58%
Magic:  7/7        EV: 12    Int: 12    God:
Gold:   38         SH:  0    Dex: 13    Spells: 4/4 levels left

rFire   . .          .
                       - Unarmed
rCold   . . .        (no shield)
rNeg    . . .        m - +0 leather armour
rPois   .            (helmet currently unavailable)
rElec   .            (cloak currently unavailable)
rCorr   +            (gloves currently unavailable)
SInv    .            (boots currently unavailable)
Will    .....        (no amulet)
Stlth   ++           f - ring of resist corrosion
HPRegen 0.26/turn    (no ring)
MPRegen 0.10/turn

%: no passive effects
@: beast-form
A: beast (slay +2), high MP 1, forlorn, divine attributes
a: Begin Untransformation


You were on level 2 of the Dungeon.
You were a hulking beast.
You visited 1 branch of the dungeon, and saw 2 of its levels.

You collected 38 gold pieces.

Inventory:

Hand Weapons
 k - a +1 vampiric short sword
Missiles
 g - 3 datura-tipped darts
Armour
 a - a +0 animal skin
 m - a +0 leather armour (worn)
Jewellery
 f - a ring of resist corrosion (left hand)
Talismans
 c - a beast talisman
 d - a flux talisman
Scrolls
 b - a scroll of teleportation {unknown}
 e - 3 scrolls of identify {unknown}
 h - 2 scrolls of amnesia {unknown}
 j - a scroll of enchant weapon {unknown}
 n - a scroll of blinking {unknown}
Potions
 l - 2 potions of lignification


   Skills:
 + Level 1.4 Fighting
 + Level 0.1 Armour
 + Level 2.3 Dodging
 + Level 1.8 Stealth
 + Level 4.5 Unarmed Combat
 * Level 3.6 Shapeshifting


You had 4 spell levels left.
You didn't know any spells.
Your spell library contained the following spells:

 Spells                   Type           Power      Damage    Failure   Level
 Sandblast                Erth           0%         2d4       36%         1
 Blink                    Tloc           0%         N/A       52%         2
 Passwall                 Tmut/Erth      0%         N/A       52%         2
 Frozen Ramparts          Ice            0%         1d1       75%         3
 Gell's Gravitas          Tloc           0%         N/A       75%         3
 Stone Arrow              Conj/Erth      0%         3d7       75%         3
 Volatile Blastmotes      Fire/Tloc      0%         2d10      75%         3
 Brom's Barrelling Bould  Conj/Erth      0%         2d3       98%         4
 Fulminant Prism          Conj/Hex       0%         3d5       98%         4
 Iskenderun's Mystic Bla  Conj/Tloc      0%         2d3       98%         4
 Manifold Assault         Tloc           0%         N/A       98%         4
 Petrify                  Tmut/Erth      0%         N/A       98%         4
 Metabolic Englaciation   Hex/Ice        0%         N/A       100%        5
 Malign Gateway           Summ/Tloc      0%         N/A       100%        7


Dungeon Overview and Level Annotations

Branches:
Dungeon (2/15)

Annotations:
D:2 Crazy Yiuf


Innate Abilities, Weirdness & Mutations

You are a hulking beast.
Your limbs bulge with bestial killing power. (Slay +2)
You have an increased reservoir of magic. (+10% MP)
You shall have no god before yourself.
Your divine heritage dramatically boosts your attributes as you level up.


Message History

You see here a +0 sling.
You see here a ball python skeleton.
You see here a +0 hammer.
You see here a +0 hammer.
Crazy Yiuf shouts!
You see here a +0 hammer.
You see here a +0 hammer.
There is a large open door here.
You see here an adder skeleton.
You see here a +0 club.
Found a club.
You see here a +0 club.
There is a large open door here.
You see here a +0 hammer.
You see here a +0 hammer.
You open the door.
Crazy Yiuf shouts!
Crazy Yiuf says, "Trifle King sing-song!"
There is an open translucent door here.
Crazy Yiuf says, "Prologue leg alas!"
Crazy Yiuf hits you with a +2 quarterstaff of chaos.
Crazy Yiuf freezes you.
You hit Crazy Yiuf.
Crazy Yiuf is moderately wounded.
Crazy Yiuf barely misses you.
You barely miss Crazy Yiuf.
Crazy Yiuf is moderately wounded.
Crazy Yiuf hits you with a +2 quarterstaff of chaos!
You are poisoned.
You barely miss Crazy Yiuf.
Crazy Yiuf is moderately wounded.
You feel very sick.
Crazy Yiuf says, "Crazy?
Crazy!?
PORCUPINE!"
Crazy Yiuf hits you with a +2 quarterstaff of chaos!
* * * LOW HITPOINT WARNING * * *
Crazy Yiuf burns you.
* * * LOW HITPOINT WARNING * * *
You feel better.
Crazy Yiuf hits you with a +2 quarterstaff of chaos!
You die...

...## #...#....†.....###.......#
....# #)..#....................#
###.###)..####.###...###.......##
...........# ### #####...........
#.#.######## ###.......## #.#.#
##### #.......## #.#.# #)..#
######'##### #.#.# #.g.#
#..#.#.....# #.#.## #.h.#
#.#.#.....#. #)...# ##'##
#.#.#.....#. .....### ♣.♣♣
#..#.#.....# ##.....# ♣♣)♣
#######..### #....#.##### ♣)♣♣
#.##.# #..#.#.#...# ♣♣.♣ ##..##
#....#.#.### ♣♣.♣♣ #####.##.##
#.##.#...# ♣♣..)♣ #.#.#.....#
#....##### ♣....♣ ##.#.....#.


You could see Crazy Yiuf.

Vanquished Creatures
  Sigmund (D:2)
  Natasha (D:2)
  3 adders (D:2)
  A worm (D:2)
  A dart slug (D:1)
  4 ball pythons
  3 endoplasms
  4 goblins
  4 hobgoblins
  2 bats (D:1)
  A frilled lizard (D:2)
  3 kobolds (D:2)
  3 rats
31 creatures vanquished.

Notes
Turn   | Place    | Note
-------+----------+-------------------------------------------
     0 | D:1      | PidgeyThePirate the Demigod Shapeshifter began the quest
                  | for the Orb.
     0 | D:1      | Reached XP level 1. HP: 15/15 MP: 3/3
   246 | D:1      | Reached skill level 3 in Unarmed Combat
   372 | D:1      | Reached XP level 2. HP: 22/22 MP: 4/4
   920 | D:2      | Reached XP level 3. HP: 12/27 MP: 5/5
  1041 | D:2      | Reached skill level 1 in Fighting
  1246 | D:2      | Noticed Natasha
  1254 | D:2      | Killed Natasha
  1351 | D:2      | Found a runed translucent door.
  1352 | D:2      | Noticed Crazy Yiuf
  1384 | D:2      | Reached XP level 4. HP: 33/35 MP: 6/6
  1396 | D:2      | Noticed Sigmund
  1421 | D:2      | Killed Sigmund
  1422 | D:2      | Reached skill level 1 in Stealth
  1422 | D:2      | Reached skill level 4 in Unarmed Combat
  1422 | D:2      | Reached XP level 5. HP: 28/40 MP: 7/7
  1607 | D:2      | Got the Encyclopedia of Points
  1816 | D:2      | Slain by Crazy Yiuf

Illustrated notes

Levels and vault maps discovered:
D:1:      orjb1_clovarrival, layout_loops_ring, minmay_misc_feat_hallway
D:2:      cheibrodos_old_hovel, layout_basic, basic_altar,
          nicolae_houndstooth_variations, uniq_natasha, uniq_crazy_yiuf_cottage,
          uniq_sigmund

Skill      XL: |  1  2  3  4 |
---------------+-------------+-----
Unarmed Combat | 3 4 |  4.5
Shapeshifting  | 3 |  3.6
Fighting       | 1 |  1.4
Dodging        | 2 |  2.3
Stealth        | 1 |  1.8
Armour         | |  0.1

Action                     |  1- 3 |  4- 6 || total
---------------------------+-------+-------++-------
  Melee: Unarmed           |    90 |    21 ||   111
    Use: Potion            |     1 |     5 ||     6
   Stab: Sleeping          |     3 |     1 ||     4
 Armour: Animal skin       |    32 |       ||    32
         Skin              |     5 |       ||     5
         Leather armour    |     4 |    13 ||    17
  Dodge: Dodged            |    53 |    10 ||    63

Table legend: (Time is in decaauts)
 A = Elapsed time spent in this place.
 B = Non-inter-level travel time spent in this place.
 C = Inter-level travel time spent in this place.
 D = Time resting spent in this place.
 E = Time spent auto-exploring this place.
 F = Levels seen in this place.
 G = Mean time per level.
                   A        B        C        D        E       F      G
               +--------+--------+--------+--------+--------+-----+--------+
         Total |   1829 |   1776 |     53 |      0 |   1402 |   2 |  914.5 |
       Dungeon |   1829 |   1776 |     53 |      0 |   1402 |   2 |  914.5 |
               +--------+--------+--------+--------+--------+-----+--------+

Top non-repeatable levels by time:
     D:2: 1141 daAuts
     D:1: 688 daAuts
